 Dungeon Crawl Stone Soup version 0.24.0-13-gcf9b319 (webtiles) character file.

Game seed: 7275052336883036259, levelgen mode: deterministic

103 Ajohnson the Sneak (level 4, -6/24 HPs)
             Began as a Vampire Enchanter on Nov 14, 2019.
             Mangled by a gnoll
             ... wielding a +0 spear
              (8 damage)
             ... on level 2 of the Dungeon.
             The game lasted 00:06:36 (1935 turns).

Ajohnson the Sneak (Vampire Enchanter)              Turns: 1935, Time: 00:06:37

Health: -6/24      AC:  6    Str:  6 (7)  XL:     4   Next: 51%
Magic:  1/7        EV: 13    Int: 16 (18) God:
Gold:   121        SH:  0    Dex: 15 (17) Spells: 1/7 levels left

rFire    . . .     SeeInvis +   a - +1 dagger
rCold    + + .     Gourm    .   (no shield)
rNeg     + + +     Faith    .   b - +0 robe
rPois    ∞         Spirit   .   (no helmet)
rElec    .         Reflect  .   (no cloak)
rCorr    .         Harm     .   k - +2 pair of gloves {Dex+3}
MR       .....                  d - +0 pair of boots
Stlth    +++++.....             j - amulet of regeneration
HPRegen  0.00/turn              (no ring)
MPRegen  0.10/turn              (no ring)

@: bloodless, regenerating quickly
A: no food, fangs 3, see invisible, unbreathing
a: Bat Form, Revivify


You were on level 2 of the Dungeon.
You were bloodless.

You visited 1 branch of the dungeon, and saw 3 of its levels.

You collected 121 gold pieces.

Inventory:

Hand Weapons
 a - a +1 dagger (weapon)
Armour
 b - a +0 robe (worn)
 d - a +0 pair of boots (worn)
 k - a +2 pair of gloves of dexterity (worn)
Jewellery
 j - an amulet of regeneration (around neck)
Scrolls
 c - a scroll of identify
 e - a scroll of magic mapping {unknown}
 f - 4 scrolls of teleportation
 g - a scroll of fear {unknown}
 i - a scroll of amnesia {unknown}


   Skills:
 + Level 0.7 Fighting
 + Level 1.5 Short Blades
 - Level 2.1 Dodging
 + Level 6.5 Stealth
 - Level 2.0 Spellcasting
 - Level 6.0 Hexes


You had one spell level left.
You knew the following spells:

 Your Spells              Type           Power        Failure   Level  Hunger
a - Corona                Hex            ###....      1%          1    N/A
b - Ensorcelled Hibernat  Hex/Ice        ##....       9%          2    N/A
c - Confuse               Hex            ###.....     5%          3    N/A

Your spell library contained the following spells:

 Spells                   Type           Power        Failure   Level  Hunger
 Tukima's Dance           Hex            ###.....     5%          3    N/A
 Dazzling Spray           Conj/Hex       ##....       19%         3    N/A

Dungeon Overview and Level Annotations

Branches:
Dungeon (3/15)

Altars:


Innate Abilities, Weirdness & Mutations

You do not eat.
You do not regenerate when monsters are visible.
You are frail without blood (-20% HP).
You can heal yourself when you bite living creatures.
You are immune to poison.
You have razor-sharp teeth.
You have supernaturally acute eyesight. (SInv)
You can survive without breathing.


Message History

You hit the gnoll but do no damage. You bite the gnoll, but do no damage.
The gnoll is severely wounded.
The gnoll hits you with a +0 spear.
* * * LOW HITPOINT WARNING * * *
You aren't carrying any potions.
You hit the gnoll.
The gnoll is severely wounded.
The gnoll closely misses you.
You hit the gnoll but do no damage. You bite the gnoll, but do no damage.
The gnoll is severely wounded.
The gnoll barely misses you.
You closely miss the gnoll.
The gnoll is severely wounded.
The gnoll hits you but does no damage.
You closely miss the gnoll.
The gnoll is severely wounded.
You hit the gnoll but do no damage.
The gnoll is severely wounded.
The gnoll hits you with a +0 spear!
You die...

#...#######.####............#####
#...###.......##..........#......
#.............##.....##...#......
...[..(........#.....##...#......
......%...............#...#......
...##(................#...#......
...##...........).....#..........
...............#'##.###..........
.............#.g@................
.........##...#...†....<.........
#.......###...#..................
#####.....#.....>######..........
#.........#...........###........
#...........................#....
#...........................#..(.
###..............................
###..............................


You could see a gnoll.

Vanquished Creatures
  Jessica (D:2)
  2 gnolls (D:2)
  4 adders (D:2)
  A worm (D:2)
  A leopard gecko (D:2)
  A ball python (D:2)
  A giant cockroach (D:1)
  A hobgoblin (D:1)
  2 quokkas (D:2)
  A bat (D:1)
  4 goblins
  2 kobolds
  2 rats (D:1)
23 creatures vanquished.

Notes
Turn   | Place    | Note
-------+----------+-------------------------------------------
     0 | D:1      | Ajohnson the Vampire Enchanter began the quest for the Orb.
     0 | D:1      | Reached XP level 1. HP: 13/13 MP: 3/3
   889 | D:2      | Reached skill level 5 in Stealth
   889 | D:2      | Reached skill level 5 in Hexes
   889 | D:2      | Reached XP level 2. HP: 18/19 MP: 1/5
   893 | D:2      | Learned a level 2 spell: Ensorcelled Hibernation
   998 | D:2      | Noticed Jessica
  1007 | D:2      | Killed Jessica
  1007 | D:2      | Reached XP level 3. HP: 24/24 MP: 3/6
  1561 | D:2      | Reached XP level 4. HP: 19/30 MP: 1/7
  1775 | D:1      | Learned a level 3 spell: Confuse
  1935 | D:2      | Mangled by a gnoll

Levels and vault maps discovered:
D:1:      lemuel_arrival_room, layout_loops_corners
D:2:      layout_basic, old_standard_altar, uniq_jessica
D:3:      layout_basic, lemuel_crystal_altar, serial_undead, serial_undead_a,
          serial_undead_f, serial_undead_d, serial_undead_e,
          chequers_decorated_corner, roderic_roman_lattice,
          minmay_misc_feat_cross, dk_noncrumbling_4, uniq_sigmund, uniq_ijyb

Skill      XL: |  1  2  3  4 |
---------------+-------------+-----
Stealth        | 5 6 |  6.5
Hexes          | 5 6 |  6.0
Fighting       | |  0.7
Short Blades   | |  1.5
Dodging        | |  2.1
Spellcasting   | |  2.0

Action                   |  1- 3 |  4- 6 || total
-------------------------+-------+-------++-------
Melee: Dagger            |    63 |    18 ||    81
       Bite              |     3 |     2 ||     5
 Cast: Corona            |     8 |       ||     8
       Ensorcelled Hiber |    14 |    10 ||    24
 Abil: End Transformatio |       |     1 ||     1
       Bat Form          |       |     1 ||     1
       Exsanguinate      |       |     1 ||     1
  Use: Scroll            |     4 |       ||     4
 Stab: Sleeping          |     9 |     5 ||    14
Armor: Robe              |    32 |    12 ||    44
Dodge: Dodged            |    58 |    23 ||    81
